AoeStats
← Malik Bhai

Arabia

509014141Analyzed
1v1 RM · 7d ago on Sep 25, 2026· 66m 52s· 2 players
Game mode
Random Map
Map size
Tiny (2 player)
Population
200
Speed
Normal
Resources
Standard
Victory
Conquest
Starting age
Dark Age
Ending age
Imperial Age
RankedLock teamsTeams togetherTeam positionsShared explorationLock speedFull tech treeHidden civsTurbo modeCheats
Victory
Defeat
🇨🇳 Japanese · China
1656
+14
🇵🇰 Tupi · Pakistan
1607
-14
Malik Bhai
6:56 Loom
11:23 Feudal Age
15:37 Castle Age
13:59 Double-Bit Axe
14:42 Horse Collar
19:31 Fletching
21:31 Bodkin Arrow
39:09 Imperial Age
37:25 Bow Saw
38:08 Scale Mail Armor
38:19 Forging
37:30 Pikeman
38:15 Squires
39:08 Wheelbarrow
39:34 Chain Mail Armor
39:06 Arson
41:17 Plate Mail Armor
40:46 Town Watch
41:17 Hand Cart
44:19 Heavy Plow
45:04 Iron Casting
44:52 Bracer
45:08 Champi Runner
45:58 Padded Archer Armor
45:44 Elite Blackwood Archer
47:44 Ballistics
48:03 Leather Archer Armor
49:56 Chemistry
51:27 Ring Archer Armor
52:11 Elite Skirmisher
56:18 Conscription
55:47 Elite Ibirapema Warrior
60:48 Pikeman
鑑·純処
6:23 Loom
9:03 Feudal Age
9:31 Man-at-Arms
19:29 Castle Age
17:53 Fletching
18:34 Double-Bit Axe
18:30 Horse Collar
20:07 Elite Skirmisher
20:47 Bodkin Arrow
22:38 Padded Archer Armor
24:48 Town Watch
29:25 Wheelbarrow
33:56 Stone Mining
38:39 Leather Archer Armor
41:03 Imperial Age
39:16 Gold Mining
41:19 Ballistics
41:46 Bracer
42:07 Bow Saw
42:31 Conscription
42:37 Bloodlines
42:27 Husbandry
43:29 Parthian Tactics
43:46 Ring Archer Armor
45:39 Chemistry
45:35 Heavy Cavalry Archer
49:33 Conscription
49:14 Light Cavalry
50:00 Scale Barding Armor
52:22 Two-Man Saw
51:44 Hand Cart
54:56 Chain Barding Armor
55:26 Heavy Plow
55:48 Thumb Ring
55:56 Masonry
56:51 Forging
59:23 Iron Casting
59:53 Yasama
59:46 Guard Tower
63:37 Keep
Connection lost

Rejoining the realm…

Still unreachable

The connection could not be restored.

Session expired

The server has moved on; the page needs a fresh start.